 Dungeon Sprint DCSS version 0.31-a0-344-gd109795599 (webtiles) character file.

Game seed: 17152637649717684382

2285 Conn the Arsonist (level 9, -1/51 HPs)
             Began as an Octopode Fire Elementalist on July 22, 2023.
             Was a High Priest of Sif Muna.
             Killed from afar by a deep elf zephyrmancer (20 damage)
             ... with a bolt of lightning
             ... in the Dungeon (Sprint III: "The Ten Rune Challenge").
             The game lasted 00:07:48 (1488 turns).

Conn the Arsonist (Octopode Fire Elementalist)      Turns: 1488, Time: 00:07:48

Health: -1/51      AC:  1    Str:  7    XL:     9   Next: 39%
Magic:  18/24      EV: 15    Int: 20    God:    Sif Muna [*****.]
Gold:   1263       SH:  0    Dex: 16    Spells: 11/31 levels left

rFire   . . .        g - +3 dagger (venom)
rCold   . . .        (no shield)
rNeg    . . .        (helmet restricted)
rPois   .            (no amulet)
rElec   .            (no ring)
rCorr   .            (no ring)
SInv    .            (no ring)
Will    .....        (no ring)
Stlth   ++++         (no ring)
HPRegen 0.28/turn    (no ring)
MPRegen 0.19/turn    (no ring)
                     (no ring)

%: no teleportation
@: no status effects
A: almost no armour, amphibious, 8 rings, camouflage 1, gelatinous body 1,
(nimble swimmer 1), tentacles, tentacle spike 1, agile 1
a: Renounce Religion, Channel Magic, Forget Spell, Divine Exegesis


You were in the Dungeon.
You worshipped Sif Muna.
Sif Muna was extremely pleased with you.
You visited 1 branch You collected 1263 gold pieces.

Inventory:

Hand Weapons
 g - a +3 dagger of venom (weapon)
Wands
 n - a wand of polymorph (11)
Scrolls
 c - a scroll of immolation {unknown}
 f - a scroll of blinking
 h - a scroll of identify {unknown}
 j - a scroll of poison {unknown}
 k - a scroll of amnesia {unknown}
Potions
 a - 3 potions of magic
 b - 2 potions of curing
 d - a potion of haste
 e - a potion of berserk rage
 i - 3 potions of enlightenment
 l - 3 potions of mutation
 m - a potion of heal wounds


   Skills:
 + Level 5.3 Dodging
 - Level 6.4 Stealth
 + Level 1.7 Unarmed Combat
 * Level 11.8 Spellcasting
 * Level 6.7 Conjurations
 + Level 3.3 Hexes
 * Level 12.5 Fire Magic
 * Level 6.0 Invocations


You had 11 spell levels left.
You knew the following spells:

 Your Spells              Type           Power      Damage    Failure   Level
a - Foxfire               Conj/Fire      100%       2x1d9     1%          1
b - Scorch                Fire           100%       2d9       1%          2
c - Inner Flame           Hex/Fire       43%        N/A       1%          3
d - Flame Wave            Conj/Fire      50%        2d12      1%          4
e - Blink                 Tloc           22%        N/A       9%          2
f - Ignition              Fire           29%        3d9       92%         8

Your spell library contained the following spells:

 Spells                   Type           Power      Damage    Failure   Level
 Volatile Blastmotes      Fire/Tloc      72%        2d16      1%          3
 Momentum Strike          Conj/Tloc      50%        3d9       2%          2
 Necrotise                Necr           44%        1d6       6%          1
 Lesser Beckoning         Tloc           22%        N/A       9%          2
 Vampiric Draining        Necr           11%        2d6       17%         3
 Olgreb's Toxic Radiance  Pois           11%        N/A       50%         4
 Agony                    Necr           11%        N/A       85%         5
 Discord                  Hex            12%        N/A       100%        8


Dungeon Overview and Level Annotations

Branches:
Dungeon (1/1)

Altars:
Dithmenos
Elyvilon
Kikubaaqudgha
Okawaru
Ru
Sif Muna
Trog
Uskayaw
Vehumet
Wu Jian
Yredelemnul
Zin
The Shining One

Shops:
D [

Annotations:
D Erolcha


Innate Abilities, Weirdness & Mutations

You cannot wear most types of armour.
You are amphibious.
You can wear up to eight rings at the same time.
Your skin changes colour to match your surroundings (Stealth+).
Your rubbery body absorbs attacks. (AC +1, EV +1)
((You are camouflaged when in or above water. (Stealth+)))
You have tentacles for arms and can constrict up to eight enemies at once.
One of your tentacles bears a spike.
You are agile. (Dex +4, Str/Int -1)


Message History

Unknown command.
Casting: Inner Flame (safe; 1% risk of failure)
Confirm with . or Enter, or press ? or * to list all spells.
Casting: Flame Wave (dangerous; 1% risk of failure)
Press: ? - help, Dir - look around, f - activate A wave of flame ripples out!
The flame wave engulfs the deep elf zephyrmancer.
The deep elf zephyrmancer is lightly wounded. (Press . to intensify the flame waves.)
The deep elf zephyrmancer barely misses you.
A wave of flame ripples out!
The flame wave engulfs the deep elf zephyrmancer!!
The deep elf zephyrmancer is severely wounded.
Unknown command.
A wave of flame ripples out!
The flame wave engulfs the deep elf zephyrmancer.
The deep elf zephyrmancer is severely wounded.
The flame wave engulfs the deep elf zephyrmancer!
The deep elf zephyrmancer is moderately wounded.
The flame wave engulfs the deep elf pyromancer.
The deep elf pyromancer is lightly wounded.
The flame wave engulfs the deep elf knight!
The deep elf knight is moderately wounded.
You finish channelling waves of flame.
You hear a shout!
The deep elf zephyrmancer hits you with a +0 long sword! x2
You hear a shout!
Unknown command.
Unknown command.
Casting: Flame Wave (dangerous; 1% risk of failure)
Confirm with . or Enter, or press ? or * to list all spells.
Casting: Flame Wave (dangerous; 1% risk of failure)
Press: ? - help, Dir - look around, f - activate
Okay, then.
Unknown command.
The deep elf zephyrmancer gestures at you while chanting.
The bolt of lightning hits you!
The deep elf zephyrmancer casts a spell at you.
The bolt of lightning hits you!!
You die...

▓▓▓▓▓ #######
#.#.##########
_#__#.####.#∩..'.#..e#
.#)_#.........##.#...##≈
##'##))......###@#...≈≈≈
....#))).....# #.#e..##≈
..).#))#.##### #eee..#
###'#)#)#.# #######
#..)#'##############
#...#....#.#.#.....#
#..)##.#..#.##.###.#
#...)##.#.#.##.# .##
+...#)..#..#..##.O


You could see a deep elf knight, 2 deep elf pyromancers and 2 deep elf
zephyrmancers.

Vanquished Creatures
  An orc high priest (D)
  A deep elf pyromancer (D)
  A shadow (D)
  4 two-headed ogres (D)
  A necrophage (D)
  A water elemental (D)
  A jelly (D)
  2 orc priests (D)
  A wizard (D)
  Jessica (D)
  A necromancer (D)
  2 orc wizards (D)
  3 humans (D)
  A kobold demonologist (D)
  A wolf (D)
  11 orcs (D)
  2 endoplasms (D)
35 creatures vanquished.

Vanquished Creatures (others)
  80 foxfires (D)
80 creatures vanquished.

Grand Total: 115 creatures vanquished

Notes
Turn   | Place    | Note
-------+----------+-------------------------------------------
     0 | D        | Conn the Octopode Fire Elementalist began the quest for the
                  | Orb.
     0 | D        | Reached XP level 1. HP: 11/11 MP: 3/3
    45 | D        | Noticed Jessica
    52 | D        | Killed Jessica
    53 | D        | Reached skill level 5 in Fire Magic
    53 | D        | Reached XP level 2. HP: 12/17 MP: 1/6
    53 | D        | Reached XP level 3. HP: 15/21 MP: 1/7
   127 | D        | Learned a level 2 spell: Scorch
   195 | D        | Learned a level 3 spell: Inner Flame
   205 | D        | Reached skill level 6 in Fire Magic
   205 | D        | Reached XP level 4. HP: 27/27 MP: 3/9
   289 | D        | Gained mutation: You are agile. (Dex +4, Str/Int -1)
                  | [potion of mutation]
   289 | D        | Gained mutation: One of your tentacles bears a spike.
                  | [potion of mutation]
   303 | D        | Noticed a water elemental
   306 | D        | Killed a water elemental
   307 | D        | Reached skill level 5 in Stealth
   307 | D        | Reached skill level 7 in Fire Magic
   307 | D        | Reached XP level 5. HP: 31/31 MP: 3/11
   357 | D        | Noticed a human
   361 | D        | Noticed a human
   361 | D        | Killed a human
   362 | D        | Reached skill level 9 in Fire Magic
   362 | D        | Reached XP level 6. HP: 36/36 MP: 1/15
   429 | D        | Killed a human
   430 | D        | Reached skill level 1 in Unarmed Combat
   430 | D        | Reached skill level 10 in Fire Magic
   544 | D        | Found an ornate altar of the Wu Jian Council.
   545 | D        | Found a hide-covered altar of Uskayaw.
   545 | D        | Found a bloodstained altar of Trog.
   547 | D        | Found a radiant altar of Vehumet.
   547 | D        | Found a shimmering blue altar of Sif Muna.
   547 | D        | Found an ancient bone altar of Kikubaaqudgha.
   552 | D        | Reached XP level 7. HP: 41/41 MP: 17/17
   561 | D        | Learned a level 4 spell: Flame Wave
   564 | D        | Learned a level 2 spell: Blink
   565 | D        | Became a worshipper of Sif Muna the Loreminder
   573 | D        | Found a glowing silver altar of Zin.
   573 | D        | Found a glowing golden altar of the Shining One.
   573 | D        | Found a white marble altar of Elyvilon.
   573 | D        | Noticed a deep elf pyromancer
   578 | D        | Killed a deep elf pyromancer
   579 | D        | Reached skill level 5 in Dodging
   579 | D        | Reached skill level 5 in Conjurations
   579 | D        | Reached skill level 1 in Hexes
   579 | D        | Reached skill level 11 in Fire Magic
   579 | D        | Reached XP level 8. HP: 36/46 MP: 5/21
   673 | D        | Found an iron altar of Okawaru.
   680 | D        | Found a basalt altar of Yredelemnul.
   680 | D        | Found a shadowy altar of Dithmenos.
   680 | D        | Found a sacrificial altar of Ru.
   686 | D        | Reached * piety under Sif Muna
   770 | D        | Noticed a shadow
   774 | D        | Killed a shadow
   842 | D        | Reached ** piety under Sif Muna
   843 | D        | Reached skill level 10 in Spellcasting
  1050 | D        | Noticed a two-headed ogre
  1094 | D        | Killed a two-headed ogre
  1095 | D        | Reached skill level 5 in Invocations
  1165 | D        | Noticed Erolcha
  1183 | D        | Reached *** piety under Sif Muna
  1184 | D        | Reached XP level 9. HP: 51/51 MP: 17/24
  1190 | D        | Reached **** piety under Sif Muna
  1198 | D        | Reached ***** piety under Sif Muna
  1296 | D        | Received a gift from Sif Muna
  1307 | D        | Learned a level 8 spell: Ignition
  1310 | D        | Noticed an orc high priest
  1314 | D        | Killed an orc high priest
  1315 | D        | Reached skill level 12 in Fire Magic
  1435 | D        | Found Wunitaxe's Armour Shop.
  1473 | D        | Noticed a deep elf knight
  1473 | D        | Noticed a deep elf zephyrmancer
  1473 | D        | Noticed a deep elf pyromancer
  1473 | D        | Noticed a deep elf zephyrmancer
  1473 | D        | Noticed a deep elf pyromancer
  1488 | D        | Killed from afar by a deep elf zephyrmancer

Illustrated notes

Levels and vault maps discovered:
D:        dungeon_sprint_mu [sprint_mu_entry_forest, sprint_mu_temple_rooms,
          sprint_mu_d1_spiders, sprint_mu_d2_genie, sprint_mu_d3_branching,
          sprint_mu_orc_legion, sprint_mu_elf_gauntlet, sprint_mu_hive_nellie,
          sprint_mu_lair_fedhas, sprint_mu_vaults_butterflies,
          sprint_mu_slime_circle, sprint_mu_shoals_archi,
          sprint_mu_snake_twists, sprint_mu_blade_basic,
          sprint_mu_crypt_fortress, sprint_mu_tomb_spiral,
          sprint_mu_vestibule_basic, sprint_mu_gehenna_hellfire,
          sprint_mu_dis_giant, sprint_mu_tartarus_statrot,
          sprint_mu_cocytus_islands, sprint_mu_zot1]

Skill      XL: |  1  2  3  4  5  6  7  8  9 |
---------------+----------------------------+-----
Stealth        | 3 4 5 6 |  6.4
Spellcasting   | 3 4 6 7 9 11 | 11.8
Fire Magic     | 5 6 7 9 10 11 12 | 12.5
Dodging        | 3 4 5 |  5.3
Conjurations   | 2 3 5 6 |  6.7
Unarmed Combat | 1 |  1.7
Hexes          | 1 2 3 |  3.3
Invocations    | 3 5 6 |  6.0

Action                     |  1- 3 |  4- 6 |  7- 9 || total
---------------------------+-------+-------+-------++-------
  Melee: Unarmed           |     5 |       |       ||     5
         Dagger            |     3 |     2 |       ||     5
         Tentacles         |     1 |       |       ||     1
   Cast: Foxfire           |    11 |    14 |    19 ||    44
         Scorch            |     2 |     4 |    13 ||    19
         Inner Flame       |       |     1 |    18 ||    19
         Flame Wave        |       |       |     3 ||     3
    Use: Potion            |     1 |     1 |       ||     2
   Stab: Sleeping          |       |     2 |       ||     2
 Armour: Skin              |     1 |       |     1 ||     2
  Dodge: Dodged            |     6 |     1 |    10 ||    17

Table legend: (Time is in decaauts)
 A = Elapsed time spent in this place.
 B = Non-inter-level travel time spent in this place.
 C = Inter-level travel time spent in this place.
 D = Time resting spent in this place.
 E = Time spent auto-exploring this place.
 F = Levels seen in this place.
 G = Mean time per level.
                   A        B        C        D        E       F      G
               +--------+--------+--------+--------+--------+-----+--------+
         Total |   1487 |   1487 |      0 |    733 |    177 |   1 | 1487.0 |
       Dungeon |   1487 |   1487 |      0 |    733 |    177 |   1 | 1487.0 |
               +--------+--------+--------+--------+--------+-----+--------+

Top non-repeatable levels by time:
       D: 1487 daAuts
